 Dungeon Crawl Stone Soup version 0.31.0-9-g3a7656b989 (webtiles) character file.

Game seed: 11878742993690948513

34 Peloso the Trooper (level 3, 33/33 HPs)
             Began as a Minotaur Fighter on Feb 6, 2024.
             Got out of the dungeon alive.
             The game lasted 00:02:04 (1093 turns).

Peloso the Trooper (Minotaur Fighter)               Turns: 1093, Time: 00:02:05

Health: 33/33      AC:  9    Str: 20    XL:     3   Next: 14%
Magic:  2/2        EV:  7    Int:  5    God:
Gold:   41         SH:  4    Dex: 11    Spells: 2/2 levels left

rFire   . . .        a - +0 long sword
rCold   . . .        d - +0 buckler
rNeg    . . .        c - +0 chain mail
rPois   .            (helmet restricted)
rElec   +            (no cloak)
rCorr   .            (no gloves)
SInv    .            (no boots)
Will    .....        (no amulet) Stlth
                     (no ring)
HPRegen 0.25/turn    (no ring)
MPRegen 0.08/turn

%: random rage (3%)
@: no status effects
A: horns 2, retaliatory headbutt, berserk 1, electricity resistance
a: no special abilities


You escaped.
You visited 1 branch of the dungeon, and saw 2 of its levels.

You collected 41 gold pieces.

Inventory:

Hand Weapons
 a - a +0 long sword (weapon)
Armour
 b - a +0 scale mail
 c - a +0 chain mail (worn)
 d - a +0 buckler (worn)
Scrolls
 e - a scroll of teleportation {unknown}
 f - a scroll of enchant armour {unknown}
 h - 4 scrolls of identify {unknown}
 l - 2 scrolls of amnesia {unknown}
 n - a scroll of fear {unknown}
Potions
 j - a potion of resistance
 m - 2 potions of lignification
 o - a potion of might


   Skills:
 + Level 4.2 Fighting
 + Level 2.9 Long Blades
 + Level 3.8 Armour
 + Level 4.2 Shields


You had 2 spell levels left.
You didn't know any spells.
Your spell library contained the following spells:

 Spells                   Type           Power      Damage    Failure   Level
 Dazzling Flash           Conj/Hex       0%         N/A       100%        3
 Volatile Blastmotes      Fire/Tloc      0%         2d10      100%        3
 Starburst                Conj/Fire      0%         6d3       100%        6
 Maxwell's Capacitive Co  Air            0%         ∞         100%        8


Dungeon Overview and Level Annotations

Branches:
Dungeon (2/15)

Altars:

Annotations:
D:2 1 runed translucent door, Crazy Yiuf


Innate Abilities, Weirdness & Mutations

You have a pair of horns on your head.
You reflexively headbutt those who attack you in melee.
You sometimes lose your temper in combat.
You are resistant to electric shocks. (rElec)


Message History

You continue putting on your +0 chain mail. x5
You finish putting on your +0 chain mail.
You start putting on your armour.
You continue putting on your +0 buckler. x4
You finish putting on your +0 buckler.
It was a potion of invisibility.
You fade into invisibility!
It was a potion of ambrosia.
You are confused.
You feel invigorated.
It was a potion of resistance.
You feel protected.
It was a potion of lignification.
You turn into a tree.
Your +0 chain mail melds into your body.
Your roots penetrate the ground.
It was a potion of mutation.
You feel extremely strange.
You feel a little pissed off.
You feel insulated.
You start resting.
You feel less invigorated.
You feel less confused.
You start resting.
Your transformation is almost over.
You feel less wooden.
Your +0 chain mail unmelds from your body.
You start waiting.
You flicker for a moment.
You start waiting.
You start to feel less resistant.
What level of the Dungeon? (default 2, ? - help) Sorry, I don't know how to get there.
You flicker back into view.
What level of the Dungeon? (default 1, ? - help)
Okay, then.
Your resistance to elements expires.
There is a stone staircase leading up here.
You climb upwards.
There is a stone staircase leading down here.
What level of the Dungeon? (default 1, ? - help)
There is a staircase leading out of the dungeon here.
You have escaped!

.. ..# # #. .# #.#
...####. .#########..
........ ########
#.##≈≈>≈≈##.# ...###..
#......# #.##≈§≈≈≈##.#
#.. #......#
#.##§≈≈≈≈##.# #..
#......###...§≈≈≈....##
#..
#..........§8.....8...#
#..
#......##.#....@....#.#
#..
#......##......8......##
#.÷
#......####....^....#..##
#.. #......#
##.......###..#### #..
#......# ##..8..##
##....###.. #......#
##...## ####...#.)
#####.#########..##
###....
..................# ###..
#####.###########.# #..


There were no monsters in sight!

Vanquished Creatures
  An adder (D:2)
  A ribbon worm (D:2)
  2 bats (D:2)
  An endoplasm (D:2)
  2 giant cockroaches (D:2)
  A goblin (D:2)
  3 hobgoblins (D:2)
  A kobold (D:2)
  A quokka (D:2)
  3 ball pythons
  2 frilled lizards (D:2)
  4 rats
22 creatures vanquished.

Notes
Turn   | Place    | Note
-------+----------+-------------------------------------------
     0 | D:1      | Peloso the Minotaur Fighter began the quest for the Orb.
     0 | D:1      | Reached XP level 1. HP: 19/19 MP: 0/0
   193 | D:1      | You fall into a shaft and drop 1 floor!
   384 | D:2      | Reached XP level 2. HP: 20/27 MP: 1/1
   524 | D:2      | Reached XP level 3. HP: 33/33 MP: 2/2
   599 | D:2      | Found a runed translucent door.
   600 | D:2      | Noticed Crazy Yiuf
  1014 | D:2      | Gained mutation: You sometimes lose your temper in combat.
                  | [potion of mutation]
  1014 | D:2      | Gained mutation: You are resistant to electric shocks.
                  | (rElec) [potion of mutation]
  1093 | D:$      | Got out of the dungeon alive.

Illustrated notes

Levels and vault maps discovered:
D:1:      grunt_arrival_lava_bath, layout_basic, nicolae_the_louvre
D:2:      layout_loops_ring, uniq_crazy_yiuf_cottage

Skill      XL: |  1  2 |
---------------+-------+-----
Fighting       | 4 |  4.2
Shields        | 4 |  4.2
Long Blades    | |  2.9
Armour         | |  3.8

Action                     || total
---------------------------++-------
  Melee: Long sword        ||    41
         Headbutt          ||     9
    Use: Potion            ||     5
 Armour: Scale mail        ||    28
  Dodge: Dodged            ||    28
  Block: Buckler           ||     9
